 Dungeon Crawl Stone Soup version 0.26.0-20-g3ca415f5b8 (webtiles) character file.

Game seed: 7491015872049369735

79 kaeus the Firebug (level 4, 0/24 HPs)
             Began as a Gargoyle Fire Elementalist on Jan 25, 2021.
             Slain by a bat (1 damage)
             ... on level 3 of the Dungeon.
             The game lasted 00:02:43 (2496 turns).

kaeus the Firebug (Gargoyle Fire Elementalist)      Turns: 2496, Time: 00:02:44

Health: 0/24       AC:  9    Str: 11    XL:     4   Next: 37%
Magic:  1/7        EV: 11    Int: 17    God:
Gold:   60         SH:  0    Dex: 10    Spells: 7/8 levels left

rFire    . . .     SeeInvis .   f - +0 dagger
rCold    . . .     Faith    .   (no shield)
rNeg     + . .     Spirit   .   g - +0 leather armour
rPois    ∞         Reflect  .   (no helmet)
rElec    +         Harm     .   (no cloak)
rCorr    .         Rampage  .   a - +2 pair of gloves
Will     .....                  (no boots)
Stlth    ++........             (no amulet)
HPRegen  0.08/turn              (no ring)
MPRegen  0.10/turn              (no ring)

@: no status effects
A: negative energy resistance 1, electricity resistance, unbreathing,
petrification resistance, miasma immunity, AC +3
a: no special abilities


You were on level 3 of the Dungeon.
You visited 1 branch of the dungeon, and saw 3 of its levels.

You collected 60 gold pieces.

Inventory:

Hand Weapons
 f - a +0 dagger (weapon)
Armour
 a - a +2 pair of gloves (worn)
 g - a +0 leather armour (worn)
Scrolls
 c - a scroll of identify {unknown}
Potions
 b - 2 potions of heal wounds {unknown}


   Skills:
 - Level 1.5 Dodging
 - Level 2.1 Stealth
 + Level 2.5 Spellcasting
 * Level 2.9 Conjurations
 * Level 3.9 Fire Magic


You had 7 spell levels left.
You knew the following spells:

 Your Spells              Type           Power        Failure   Level
a - Foxfire               Conj/Fire      52%          6%          1

Your spell library contained the following spells:

 Spells                   Type           Power        Failure   Level
 Conjure Flame            Conj/Fire      13%          19%         3
 Inner Flame              Hex/Fire       8%           32%         3
 Sticky Flame             Conj/Fire      13%          52%         4
 Fireball                 Conj/Fire      6%           86%         5


Dungeon Overview and Level Annotations

Branches:
Dungeon (3/15)

Altars:

Annotations:
D:3 Grinder


Innate Abilities, Weirdness & Mutations

You are resistant to torment.
Your stone body is resilient. (AC +3)
You are immune to poison.
You resist negative energy. (rN+)
You are resistant to electric shocks. (rElec)
You can survive without breathing.
You are immune to petrification.
You are immune to miasma.


Message History

* * * LOW HITPOINT WARNING * * *
You writhe in agony.
* * * LOW HITPOINT WARNING * * *
You take 2 damage, and have 6/24 hp.
You now have 0/7 mp.
You hit Grinder but do no damage.
The foxfire hits Grinder but does no damage.
The foxfire hits Grinder.
Grinder is lightly wounded.
The bat hits you.
* * * LOW HITPOINT WARNING * * *
Grinder gestures at you. Pain shoots through your body!
* * * LOW HITPOINT WARNING * * *
You take 5 damage, and have 1/24 hp.
MASSIVE DAMAGE!!
The bat hits you but does no damage. The bat misses you.
The bat completely misses you.
Grinder blinks!
The bat hits you but does no damage. The bat hits you.
You die...

..)..(.....# .#
.
..........###.#
..
#....##......
.#.#
..$.......#
.....
#..).....#
#.....#......#
#...).5......#
........##b.##
.....#####@##
.... ###.# ...
#...# .. #<###
. #...# #.###
... ..# ..##


You could see a bat.

Vanquished Creatures
  2 adders (D:2)
  An ooze (D:1)
  2 leopard geckos
  3 orcs (D:2)
  A ball python (D:1)
  2 giant cockroaches (D:1)
  6 goblins
  5 hobgoblins
  8 jackals (D:1)
  A quokka (D:2)
  2 bats (D:2)
  4 frilled lizards
  4 kobolds
  5 rats
46 creatures vanquished.

Vanquished Creatures (others)
  139 foxfires
139 creatures vanquished.

Grand Total: 185 creatures vanquished

Notes
Turn   | Place    | Note
-------+----------+-------------------------------------------
     0 | D:1      | kaeus the Gargoyle Fire Elementalist began the quest for
                  | the Orb.
     0 | D:1      | Reached XP level 1. HP: 10/10 MP: 3/3
   144 | D:1      | Reached XP level 2. HP: 12/15 MP: 0/5
   774 | D:1      | Reached XP level 3. HP: 19/19 MP: 0/6
  1835 | D:2      | Reached XP level 4. HP: 24/24 MP: 0/7
  2481 | D:3      | Noticed Grinder
  2487 | D:3      | Paralysed by Grinder for 3 turns
  2491 | D:3      | HP: 1/24 [Grinder/nerve-wracking pain (4)]
  2496 | D:3      | Slain by a bat

Illustrated notes

Levels and vault maps discovered:
D:1:      minmay_arrival_four_circles, layout_basic, serial_park_tiny_pond
D:2:      layout_rooms, chequers_decorated_corner
D:3:      layout_rooms, chequers_ecumenical_altar_simple_redux, uniq_grinder,
          uniq_terence

Skill      XL: |  1  2 |
---------------+-------+-----
Conjurations   | 2 |  2.9
Dodging        | |  1.5
Stealth        | |  2.1
Spellcasting   | |  2.5
Fire Magic     | |  3.9

Action                   |  1- 3 |  4- 6 || total
-------------------------+-------+-------++-------
Melee: Unarmed           |    59 |       ||    59
       Dagger            |     4 |     6 ||    10
 Cast: Foxfire           |    66 |    21 ||    87
  Use: Scroll            |       |     4 ||     4
Armor: Robe              |    24 |       ||    24
       Leather armour    |       |     3 ||     3
Dodge: Dodged            |    58 |     3 ||    61
